 Dungeon Crawl Stone Soup version 0.27-a0-101-g3cb999cee2 (webtiles) character file.

Game seed: 6484548444911474925

11359 kae the Grappler (level 11, -4/111 HPs)
             Began as a Troll Monk on Jan 21, 2021.
             Slain by a chaos spawn (5 damage)
             ... on level 10 of the Dungeon.
             The game lasted 00:07:46 (8525 turns).

kae the Grappler (Troll Monk)                       Turns: 8525, Time: 00:07:46

Health: -4/111     AC:  9    Str: 30    XL:     11   Next: 48%
Magic:  10/10      EV: 14    Int:  9    God:
Gold:   470        SH:  0    Dex: 12    Spells: 10/10 levels left

rFire    . . .     SeeInvis .     - Unarmed
rCold    . . .     Faith    .   (no shield)
rNeg     . . .     Spirit   .   a - +2 robe
rPois    .         Reflect  .   y - +0 hat {Int+3}
rElec    .         Harm     .   w - +0 cloak
rCorr    .         Rampage  .   (gloves unavailable)
Will     .....                  (boots unavailable)
Stlth    ++........             (no amulet)
HPRegen  0.68/turn              c - +6 ring of strength
MPRegen  0.12/turn              o - +4 ring of slaying

@: lethally poisoned (-4 -> -5), marked
A: large, unfitting armour, claws 3, regeneration 1, shaggy fur 1, tough skin 3
a: no special abilities


You were on level 10 of the Dungeon.
You visited 1 branch of the dungeon, and saw 10 of its levels.
You also visited: Sewer.

You collected 494 gold pieces.
You spent 24 gold pieces at shops.

Inventory:

Armour
 a - a +2 robe (worn)
 w - a +0 cloak (worn)
 y - a +0 hat of intelligence (worn)
Jewellery
 c - a +6 ring of strength (left claw)
 n - an uncursed ring of protection from cold
 o - a +4 ring of slaying (right claw)
 p - an uncursed ring of resist corrosion
 t - an uncursed ring of see invisible
 C - an uncursed ring of protection from cold
Wands
 q - a wand of digging (6)
 x - a wand of flame (18)
 B - a wand of acid (9)
Scrolls
 f - 4 scrolls of amnesia
 i - 4 scrolls of remove curse
 l - 5 scrolls of teleportation
 m - 2 scrolls of magic mapping
 r - 4 scrolls of identify
 s - 2 scrolls of fog
 v - a scroll of enchant weapon
 D - a scroll of blinking {unknown}
Potions
 b - 2 potions of haste
 d - 8 potions of curing
 e - 2 potions of brilliance
 g - a potion of resistance
 h - 2 potions of degeneration
 j - a potion of might
 k - 3 potions of flight
 u - a potion of lignification
 z - a potion of heal wounds
 A - a potion of ambrosia {unknown}


   Skills:
 + Level 8.2 Fighting
 + Level 8.1 Dodging
 - Level 1.0 Stealth
 * Level 13.0 Unarmed Combat


You had 10 spell levels left.
You didn't know any spells.
Your spell library contained the following spells:

 Spells                   Type           Power        Failure   Level
 Confusing Touch          Hex            0%           77%         3
 Gell's Gravitas          Tloc           0%           77%         3
 Ignite Poison            Fire/Tmut/Pois 0%           77%         3
 Petrify                  Tmut/Erth      0%           99%         4
 Fireball                 Conj/Fire      0%           100%        5
 Metabolic Englaciation   Hex/Ice        0%           100%        5
 Yara's Violent Unravell  Hex/Tmut       0%           100%        5
 Starburst                Conj/Fire      0%           100%        6
 Ignition                 Fire           0%           100%        8


Dungeon Overview and Level Annotations

Branches:
Dungeon (10/15)            Temple (0/1) D:4            Lair (0/6) D:9
  Sewer (visited)
    Orc: D:9-12

Altars:
Fedhas
Gozag
Hepliaklqana
Makhleb
Nemelex Xobeh
Okawaru
Qazlal
Trog

Shops:
D:6 *   D:8 }:

Annotations:
D:9 2 transporters, askman's ghost, novice DsFi
D:10 Sonja; Urug


Innate Abilities, Weirdness & Mutations

You are too large for most types of armour.
You have claws for hands.
Your natural rate of healing is unusually fast.
You are covered in fur. (AC +1)
You have extremely tough skin. (AC +3)


Message History

The ogre misses you.
You see here a killer bee corpse.
You claw the chaos spawn!
The chaos spawn is moderately wounded.
The chaos spawn closely misses you. The ogre closely misses you.
You closely miss the chaos spawn.
The chaos spawn is moderately wounded.
You feel sick. The chaos spawn barely misses you.
You miss the chaos spawn.
The chaos spawn is moderately wounded.
You feel sick.
The ogre hits you with a +0 giant club!!
* * * LOW HITPOINT WARNING * * *
The chaos spawn closely misses you.
You scratch the chaos spawn but do no damage.
The chaos spawn is moderately wounded.
The chaos spawn gores you!
* * * LOW HITPOINT WARNING * * *
The ogre barely misses you. The chaos spawn gores you.
You die...

.(.†........##
#.#..†.†......
#.#.##.)....##
..#.##)).##.####
###.##)).##..... #
#.###.###..# ####.#
#..........# #....#
####...###.# #.#
##)....##.###@##.#
#.......#(..O44..#
###.........####†..##
..'.........'....[..#
###.........####...##
##.......## ....#
##.....## ....#
##...## ....# ##'#
.....#


You could see 2 chaos spawn and an ogre.

Vanquished Creatures
  Gastronok (D:8)
  A two-headed ogre (D:10)
  2 tengu warriors (D:10)
  Nergalle (D:10)
  Pikel (D:8)
  An orc sorcerer (D:10)
  A manticore (D:7)
  Joseph (D:8)
  A troll (D:9)
  A hornet (D:7)
  A wraith (D:7)
  A wyvern (D:10)
  A water moccasin (D:8)
  2 orc warriors
  2 ice beasts
  3 black bears
  2 sky beasts (D:8)
  2 phantoms (D:7)
  An eye of draining (D:9)
  A necrophage (D:8)
  8 ogres
  4 centaurs
  4 lemures (D:8)
  7 bullfrogs
  A gnoll sergeant (D:10)
  2 scorpions (D:8)
  13 killer bees
  4 wights (D:9)
  4 howler monkeys
  2 bullfrog zombies
  Crazy Yiuf (D:7)
  7 hounds
  6 orc wizards
  6 orc priests
  2 centaur skeletons (D:9)
  Natasha (thrice) (D:4)
  An iguana (D:7)
  6 worker ants
  A hound zombie (D:7)
  A hound skeleton (D:6)
  9 adders
  5 gnolls (D:10)
  3 shadow imps
  4 white imps
  2 ufetubi
  2 oozes
  An adder skeleton (D:4)
  2 dart slugs (D:1)
  10 leopard geckos
  34 orcs
  3 ball pythons
  6 bats
  7 giant cockroaches
  8 goblins
  15 hobgoblins
  17 jackals
  3 quokkas
  11 frilled lizards
  A jackal skeleton (D:4)
  7 kobolds
  A leopard gecko skeleton (D:4)
  3 orc zombies (D:10)
  2 quokka zombies
  9 rats
275 creatures vanquished.

Notes
Turn   | Place    | Note
-------+----------+-------------------------------------------
     0 | D:1      | kae the Troll Monk began the quest for the Orb.
     0 | D:1      | Reached XP level 1. HP: 22/22 MP: 0/0
   203 | D:1      | Reached XP level 2. HP: 29/29 MP: 1/1
   520 | D:2      | Reached XP level 3. HP: 35/36 MP: 2/2
   984 | D:2      | Reached skill level 4 in Unarmed Combat
  1035 | D:2      | Reached XP level 4. HP: 40/44 MP: 3/3
  1150 | D:3      | Found an opulent altar of Gozag.
  1237 | D:3      | Found a sparkling altar of Nemelex Xobeh.
  1951 | D:4      | Reached XP level 5. HP: 53/53 MP: 4/4
  1988 | D:4      | Found a staircase to the Ecumenical Temple.
  2216 | D:4      | Found a burning altar of Makhleb.
  2224 | D:4      | Reached skill level 5 in Unarmed Combat
  2274 | D:4      | Noticed Natasha
  2278 | D:4      | Killed Natasha
  2286 | D:4      | Noticed Natasha
  2300 | D:4      | Killed Natasha
  2301 | D:4      | Reached XP level 6. HP: 49/61 MP: 5/5
  2559 | D:4      | Noticed Natasha
  2564 | D:4      | Killed Natasha
  2668 | D:4      | Reached skill level 6 in Unarmed Combat
  2768 | D:5      | Entered Level 5 of the Dungeon
  2892 | D:5      | Reached XP level 7. HP: 68/68 MP: 6/6
  3194 | D:5      | Found a glowing drain.
  3213 | Sewer    | Entered a sewer
  4069 | D:6      | Reached skill level 7 in Unarmed Combat
  4206 | D:5      | Reached XP level 8. HP: 52/79 MP: 7/7
  4274 | D:6      | Found Leojuapn's General Store.
  4282 | D:6      | Bought a scroll of identify for 24 gold pieces
  4657 | D:6      | Found a stormy altar of Qazlal.
  4798 | D:7      | Reached skill level 5 in Fighting
  4798 | D:7      | Reached skill level 5 in Dodging
  4798 | D:7      | Reached skill level 8 in Unarmed Combat
  4956 | D:7      | Found a blossoming altar of Fedhas.
  4960 | D:7      | Noticed a hornet
  4967 | D:7      | Killed a hornet
  5060 | D:7      | Reached XP level 9. HP: 83/88 MP: 8/8
  5063 | D:7      | Reached skill level 9 in Unarmed Combat
  5342 | D:7      | Noticed a manticore
  5347 | D:7      | Killed a manticore
  5387 | D:7      | Reached skill level 10 in Unarmed Combat
  5633 | D:7      | Found a runed translucent door.
  5634 | D:7      | Noticed Crazy Yiuf
  5924 | D:7      | Killed Crazy Yiuf
  5958 | D:8      | Found Keomn's Gadget Emporium.
  6087 | D:8      | Found a burning altar of Makhleb.
  6089 | D:8      | Noticed Pikel
  6128 | D:8      | Killed Pikel
  6129 | D:8      | Reached XP level 10. HP: 82/100 MP: 9/9
  6139 | D:8      | Noticed Gastronok
  6153 | D:8      | Killed Gastronok
  6154 | D:8      | Reached skill level 11 in Unarmed Combat
  6311 | D:8      | Found Qeingir's Book Emporium.
  6480 | D:8      | Found a hazy altar of Hepliaklqana.
  6678 | D:8      | Noticed Joseph
  6688 | D:8      | Killed Joseph
  7220 | D:9      | Reached skill level 12 in Unarmed Combat
  7261 | D:9      | Found an iron altar of Okawaru.
  7276 | D:9      | Found a staircase to the Lair.
  7534 | D:9      | Found a transporter.
  7535 | D:9      | Found a transporter.
  7536 | D:9      | Noticed a two-headed ogre
  7537 | D:9      | Noticed a two-headed ogre
  7537 | D:9      | Noticed askman's ghost (novice DsFi)
  7539 | D:9      | Noticed a moth of wrath
  7540 | D:9      | Found a bloodstained altar of Trog.
  7558 | D:9      | Noticed a cyclops
  7647 | D:9      | Reached XP level 11. HP: 109/109 MP: 10/10
  7847 | D:10     | Entered Level 10 of the Dungeon
  7847 | D:10     | Noticed Nergalle
  7857 | D:10     | Killed Nergalle
  7909 | D:10     | Noticed a tengu warrior
  7910 | D:10     | Noticed a tengu warrior
  7914 | D:10     | Killed a tengu warrior
  7922 | D:10     | Killed a tengu warrior
  8084 | D:10     | Noticed Sonja
  8085 | D:10     | Noticed an orc sorcerer
  8092 | D:10     | Noticed Urug
  8102 | D:10     | Noticed a soul eater
  8104 | D:10     | Killed an orc sorcerer
  8115 | D:10     | HP: 4/111 [something (15)]
  8275 | D:10     | Noticed a two-headed ogre
  8284 | D:10     | Killed a two-headed ogre
  8509 | D:10     | Reached skill level 13 in Unarmed Combat
  8525 | D:10     | HP: 1/111 [chaos spawn (10)]
  8525 | D:10     | Slain by a chaos spawn

Illustrated notes

Levels and vault maps discovered:
D:1:      onia_arrival_mini_maze_b, layout_rooms
D:2:      layout_basic, hangedman_decor_slide_cut,
          hangedman_abyss_or_decor_stabs, minmay_joined_circles
D:3:      layout_basic, nicolae_overflow_hidden_temple,
          nicolae_gozag_cash_rules_everything_around_me
D:4:      layout_basic, temple_green, makhleb_blood_cavern_becter, uniq_natasha
D:5:      layout_basic, portal_sewer_entry_d, grunt_decor_one_mirror
D:6:      layout_cave_pools, kennysheep_mini_moat, serial_shops, shop,
          sigmund_army
D:7:      nzn_winding_woodlands_small [nzn_winding_woodlands_5x15_jagged,
          nzn_winding_woodlands_center_lodge,
          nzn_winding_woodlands_5x15_split_checker], layout_basic,
          fedhas_altar_2, uniq_crazy_yiuf_cottage
D:8:      layout_loops_ring, old_standard_altar, serial_shops, shop,
          nicolae_shop_behind_doors, basic_altar, grunt_ministairs_7,
          chequers_serial_rivers_marsh, kennysheep_pointless_box, uniq_joseph,
          uniq_pikel, uniq_gastronok
D:9:      layout_small_grid, general_overflow_altar, lair_entry_dummy,
          gammafunk_ghost_wrathful_warriors
D:10:     layout_loops_corners, zombieorc2_lemuel, minmay_statues_item,
          minmay_guarded_unrand_variability, uniq_nergalle, uniq_sonja,
          uniq_urug

Skill      XL: |  1  2  3  4  5  6  7  8  9 10 11 |
---------------+----------------------------------+-----
Unarmed Combat | 4 5 6 7 8 10 12 13 | 13.0
Fighting       | 3 4 5 6 7 8 |  8.2
Dodging        | 3 4 5 6 7 8 |  8.1
Stealth        | |  1.0

Action                   |  1- 3 |  4- 6 |  7- 9 | 10-12 || total
-------------------------+-------+-------+-------+-------++-------
Melee: Unarmed           |    97 |   185 |   264 |   220 ||   766
       Punch             |       |     3 |     8 |    15 ||    26
  Use: Scroll            |     3 |    11 |     6 |     2 ||    22
       Potion            |       |       |     2 |     1 ||     3
 Stab: Sleeping          |     1 |     4 |     1 |     2 ||     8
       Distracted        |       |       |     1 |       ||     1
Armor: Robe              |    41 |    79 |    77 |    51 ||   248
Dodge: Dodged            |    47 |   125 |   147 |   141 ||   460

Table legend: (Time is in decaauts)
 A = Elapsed time spent in this place.
 B = Non-inter-level travel time spent in this place.
 C = Inter-level travel time spent in this place.
 D = Time resting spent in this place.
 E = Time spent auto-exploring this place.
 F = Levels seen in this place.
 G = Mean time per level.
                   A        B        C        D        E       F      G
               +--------+--------+--------+--------+--------+-----+--------+
         Total |   8553 |   8235 |    318 |    796 |   5927 |  11 |  777.5 |
       Dungeon |   7984 |   7666 |    318 |    726 |   5585 |  10 |  798.4 |
         Sewer |    568 |    568 |      0 |     70 |    341 |   1 |  568.0 |
               +--------+--------+--------+--------+--------+-----+--------+

Top non-repeatable levels by time:
     D:7: 1213 daAuts
     D:8: 960 daAuts
     D:5: 939 daAuts
     D:9: 929 daAuts
     D:4: 850 daAuts
     D:3: 715 daAuts
     D:2: 690 daAuts
    D:10: 654 daAuts
   Sewer: 568 daAuts
     D:6: 540 daAuts
     D:1: 491 daAuts
